 Dungeon Crawl Stone Soup version 0.24.0-28-g17ded55e90 (webtiles) character file.

Game seed: 10674445627185141452, levelgen mode: deterministic

51 Matador8 the Cudgeler (level 3, 0/27 HPs)
             Began as a Demonspawn Warper on Nov 12, 2019.
             Succumbed to an adder's poison
             ... on level 3 of the Dungeon.
             The game lasted 00:04:51 (1498 turns).

Matador8 the Cudgeler (Demonspawn Warper)           Turns: 1498, Time: 00:04:52

Health: 0/27       AC:  3    Str: 17    XL:     3   Next: 57%
Magic:  6/6        EV: 12    Int: 19    God:
Gold:   45         SH:  0    Dex: 12    Spells: 6/6 levels left

rFire    . . .     SeeInvis .   a - +0 mace
rCold    . . .     Gourm    .   (no shield)
rNeg     . . .     Faith    .   b - +0 leather armour
rPois    .         Spirit   .   (no helmet)
rElec    .         Reflect  .   (no cloak)
rCorr    .         Harm     .   (no gloves)
MR       .....                  (no boots)
Stlth    +.........             (no amulet)
HPRegen  0.09/turn              (no ring)
MPRegen  0.10/turn              (no ring)

@: mighty, brilliant, lethally poisoned (0 -> -1)
A: powered by death 1
a: no special abilities


You were on level 3 of the Dungeon.
You were not hungry.

You visited 1 branch of the dungeon, and saw 4 of its levels.

You collected 45 gold pieces.

Inventory:

Hand Weapons
 a - a +0 mace (weapon)
Missiles
 e - 5 boomerangs of dispersal (quivered)
 m - 7 boomerangs
Armour
 b - a +0 leather armour (worn)
Jewellery
 g - a +4 ring of slaying {unknown}
 l - an uncursed ring of protection from fire {unknown}
 n - a +2 ring of strength {unknown}
Scrolls
 c - 3 scrolls of identify {unknown}
 d - a scroll of blinking
 h - 4 scrolls of remove curse {unknown}
 i - a scroll of magic mapping {unknown}
 o - a scroll of teleportation {unknown}
Potions
 k - a potion of brilliance
Comestibles
 f - 3 rations


   Skills:
 - Level 2.0 Fighting
 + Level 3.6 Maces & Flails
 - Level 1.0 Throwing
 - Level 0.8 Armour
 - Level 1.7 Dodging
 - Level 2.0 Spellcasting
   Level 2.6 Translocations


You had 6 spell levels left.
You didn't know any spells.
Your spell library contained the following spells:

 Spells                   Type           Power        Failure   Level  Hunger
 Blink                    Tloc           N/A          1%          2    ###....
 Shroud of Golubria       Chrm/Tloc      ###...       2%          2    ###....
 Gell's Gravitas          Tloc           ###.......   2%          3    ###....
 Lesser Beckoning         Tloc           ###.......   2%          3    ###....
 Teleport Other           Tloc           ###.....     2%          3    ###....
 Passage of Golubria      Tloc           N/A          8%          4    #####..


Dungeon Overview and Level Annotations

Branches:
Dungeon (4/15)
 Temple: D:4-7

Altars:


Innate Abilities, Weirdness & Mutations

You regenerate a little health from kills.


Message History

There is a lethal amount of poison in your body!
* * * LOW HITPOINT WARNING * * *
You feel sick.
* * * LOW HITPOINT WARNING * * *
You feel sick.
* * * LOW HITPOINT WARNING * * *
You feel sick.
* * * LOW HITPOINT WARNING * * *
You feel sick.
* * * LOW HITPOINT WARNING * * *
You feel sick.
* * * LOW HITPOINT WARNING * * *
You feel sick.
* * * LOW HITPOINT WARNING * * *
You feel sick.
* * * LOW HITPOINT WARNING * * *
You feel sick.
* * * LOW HITPOINT WARNING * * *
You feel sick.
You die...

... #### #.#
#..!. #.#
##....###.###
.'.g..S.....#
#....#.#.#.##
#.. #.#†# .#
# #.#.# .#
#.#@##.######
#.#..........
#.####..#####
....... #.#
#.# .......
#.# ..#
.......
#.#### .#
.......
#....# ..
.......
#....# .#
.......
#....# ..


There were no monsters in sight!

Vanquished Creatures
  2 adders (D:3)
  A dart slug (D:1)
  3 leopard geckos
  An orc (D:3)
  2 giant cockroaches
  3 goblins
  4 hobgoblins
  2 bats (D:3)
  3 frilled lizards
  6 kobolds
  A rat (D:1)
28 creatures vanquished.

Notes
Turn   | Place    | Note
-------+----------+-------------------------------------------
     0 | D:1      | Matador8 the Demonspawn Warper began the quest for the Orb.
     0 | D:1      | Reached XP level 1. HP: 16/16 MP: 3/3
    42 | D:1      | Reached skill level 1 in Throwing
   238 | D:1      | Reached skill level 2 in Maces & Flails
   498 | D:1      | Gained mutation: You regenerate a little health from kills.
                  | [demonic ancestry]
   498 | D:1      | Reached XP level 2. HP: 21/22 MP: 5/5
  1020 | D:2      | You fall into a shaft and drop 2 floors!
  1082 | D:3      | Reached skill level 3 in Maces & Flails
  1149 | D:3      | Reached XP level 3. HP: 21/27 MP: 6/6
  1494 | D:3      | HP: 1/27 [poisoned by an adder]
  1498 | D:3      | Succumbed to an adder's poison

Levels and vault maps discovered:
D:1:      minmay_arrival_cross, layout_basic
D:2:      layout_basic
D:3:      layout_basic, uniq_crazy_yiuf_cottage
D:4:      layout_gridville, nemelex_xobeh_ov_fountains_minmay, first_ration,
          lemuel_statue_altar, uniq_edmund, uniq_eustachio

Skill      XL: |  1  2 |
---------------+-------+-----
Throwing       | 1 |  1.0
Maces & Flails | 2 3 |  3.6
Fighting       | |  2.0
Armour         | |  0.8
Dodging        | |  1.7
Spellcasting   | |  2.0
Translocations | |  2.6

Action                   || total
-------------------------++-------
Melee: Mace              ||    92
  Use: Potion            ||     2
  Eat: Chunk             ||     2
Armor: Leather armour    ||    28
Dodge: Dodged            ||    61
